 Dungeon Crawl Stone Soup version 0.31-a0-968-g24f9ace8b5 (webtiles) character file.

Game seed: 12344481176486891406

51 Dittersdorf the Covered (level 3, -1/24 HPs)
             Began as a Gargoyle Fighter on Oct 27, 2023.
             Slain by a hobgoblin (4 damage)
             ... led by Robin
             ... on level 2 of the Dungeon.
             The game lasted 00:01:23 (1109 turns).

Dittersdorf the Covered (Gargoyle Fighter)          Turns: 1109, Time: 00:01:23

Health: -1/24      AC: 12    Str: 21    XL:     3   Next: 83%
Magic:  3/3        EV:  7    Int:  8    God:
Gold:   61         SH:  4    Dex:  9    Spells: 2/2 levels left

rFire   . . .        a - +0 flail (protect)
rCold   . . .        c - +0 buckler
rNeg    + . .        j - +0 chain mail
rPois   ∞            (no helmet)
rElec   +            (no cloak)
rCorr   .            (no gloves)
SInv    .            (no boots)
Will    .....        (no amulet) Stlth
                     (no ring)
HPRegen 0.24/turn    (no ring)
MPRegen 0.08/turn

%: no passive effects
@: no status effects
A: sickness immunity, AC +3, negative energy resistance 1, electricity
resistance, torment resistance 1, petrification resistance
a: no special abilities


You were on level 2 of the Dungeon.
You visited 1 branch of the dungeon, and saw 2 of its levels.

You collected 61 gold pieces.

Inventory:

Hand Weapons
 a - a +0 flail of protection (weapon)
Missiles
 l - 3 poisoned darts (quivered)
Armour
 c - a +0 buckler (worn)
 j - a +0 chain mail (worn)
Jewellery
 b - a ring of ice
Potions
 d - 2 potions of might
 g - 2 potions of degeneration {unknown}
 h - a potion of resistance {unknown}
 i - a potion of haste {unknown}
 k - a potion of curing {unknown}


   Skills:
 + Level 3.8 Fighting
 + Level 2.6 Maces & Flails
 + Level 3.8 Armour
 + Level 3.7 Shields


You had 2 spell levels left.
You didn't know any spells.
Your spell library contained the following spells:

 Spells                   Type           Power      Damage    Failure   Level
 Shock                    Conj/Air       0%         1d3       98%         1
 Swiftness                Air            0%         N/A       100%        3
 Airstrike                Air            0%         2d(0-16)  100%        4


Dungeon Overview and Level Annotations

Branches:
Dungeon (2/15)

Altars:

Annotations:
D:2 Robin


Innate Abilities, Weirdness & Mutations

You are immune to sickness and miasma.
Your stone body is resilient. (AC +3)
You are immune to poison.
You resist negative energy. (rN+)
You are resistant to electric shocks. (rElec)
You are resistant to unholy torment.
You are immune to petrification.


Message History

The goblin hits you but does no damage.
The hobgoblin hits you but does no damage. x2
You block the goblin's attack. Robin throws the goblin at you!
The goblin barely misses you.
The hobgoblin hits you but does no damage.
The goblin hits you with a +0 club.
The hobgoblin hits you but does no damage.
The goblin hits you but does no damage. The goblin barely misses you.
The goblin completely misses you. The hobgoblin hits you.
* * * LOW HITPOINT WARNING * * *
Robin roars a battlecry!
The hobgoblin hits you.
* * * LOW HITPOINT WARNING * * *
The goblin closely misses you.
You are too injured to fight recklessly!
You are too injured to fight recklessly!
You are too injured to fight recklessly!
You are too injured to fight recklessly!
You are too injured to fight recklessly!
You are too injured to fight recklessly!
You are too injured to fight recklessly!
You are too injured to fight recklessly!
You are too injured to fight recklessly!
You are too injured to fight recklessly!
You are too injured to fight recklessly!
You are too injured to fight recklessly!
You are too injured to fight recklessly!
You are too injured to fight recklessly!
As you read the scroll labelled ELYGUHEOHE, it crumbles to dust.
It is a scroll of brand weapon.
Your +0 flail projects an invisible shield of force!
a - a +0 flail of protection (weapon)
The hobgoblin barely misses you.
The hobgoblin hits you but does no damage.
The goblin barely misses you.
The hobgoblin hits you but does no damage.
The goblin hits you but does no damage. x3; Robin hits you but does no damage.
It was a potion of cancellation.
You feel magically purged. The hobgoblin hits you.
You die...

#.......#...........##
.......##...........>#
............###.####...
#.....####.........#####
###.#..######.#.##......
#<....... #.$.########
####.#### ##......# .#
##..#.ggg..# ..
.....gg@gg.#
#####.#.gggg..#
#...g.g...# ###.......#
#......... ...........
#............
#...####.####


You could see Robin, 3 hobgoblins and 9 goblins.

Vanquished Creatures
  A worm (D:2)
  3 dart slugs
  4 ball pythons
  3 bats (D:1)
  4 endoplasms (D:1)
  5 giant cockroaches
  4 goblins
  6 hobgoblins
  4 kobolds (D:1)
  4 rats
38 creatures vanquished.

Notes
Turn   | Place    | Note
-------+----------+-------------------------------------------
     0 | D:1      | Dittersdorf the Gargoyle Fighter began the quest for the
                  | Orb.
     0 | D:1      | Reached XP level 1. HP: 14/14 MP: 1/1
   107 | D:1      | Found a faded altar of an unknown god.
   111 | D:1      | Reached XP level 2. HP: 19/19 MP: 2/2
   496 | D:1      | Reached XP level 3. HP: 23/23 MP: 3/3
  1098 | D:2      | Noticed Robin
  1109 | D:2      | Slain by a hobgoblin

Illustrated notes

Levels and vault maps discovered:
D:1:      spicycebolla_arrival_xxxplode, layout_loops_corners,
          ebering_ecumenical_altar_webs, minivault_11, palyth_stone_intersect
D:2:      layout_rooms, uniq_sigmund, uniq_robin, uniq_terence

Action                     || total
---------------------------++-------
  Melee: Flail             ||   104
    Use: Scroll            ||     1
         Potion            ||     1
 Armour: Scale mail        ||    51
         Chain mail        ||    70
  Dodge: Dodged            ||    49
  Block: Buckler           ||    23

Table legend: (Time is in decaauts)
 A = Elapsed time spent in this place.
 B = Non-inter-level travel time spent in this place.
 C = Inter-level travel time spent in this place.
 D = Time resting spent in this place.
 E = Time spent auto-exploring this place.
 F = Levels seen in this place.
 G = Mean time per level.
                   A        B        C        D        E       F      G
               +--------+--------+--------+--------+--------+-----+--------+
         Total |   1143 |   1132 |     11 |      0 |    859 |   2 |  571.5 |
       Dungeon |   1143 |   1132 |     11 |      0 |    859 |   2 |  571.5 |
               +--------+--------+--------+--------+--------+-----+--------+

Top non-repeatable levels by time:
     D:1: 1011 daAuts
     D:2: 131 daAuts
